 Dungeon Crawl Stone Soup version 0.29-a0-283-ga02f740833 (webtiles) character file.

Game seed: 6673372043154179669

289 anonymouscript the Firebug (level 6, -4/46 HPs)
             Began as a Draconian Fire Elementalist on Mar 13, 2022.
             Slain by a gnoll
             ... wielding a +0 halberd
              (9 damage)
             ... on level 4 of the Dungeon.
             The game lasted 00:17:46 (3917 turns).

anonymouscript the Firebug (DrFE)                   Turns: 3917, Time: 00:17:48

Health: -4/46      AC:  6    Str: 10    XL:     6   Next: 9%
Magic:  2/11       EV: 12    Int: 18    God:
Gold:   118        SH:  0    Dex: 11    Spells: 5/12 levels left

rFire   . . .      SeeInvis .   v - +1 dagger (venom)
rCold   + . .      Faith    .   (no shield)
rNeg    . . .      Spirit   .   (body armour unavailable)
rPois   .          Reflect  .   (helmet restricted)
rElec   .          Harm     .   (no cloak)
rCorr   .          Rampage  .   (no gloves)
Will    .....                   (no boots)
Stlth   ++........              (no amulet)
HPRegen 0.15/turn               i - ring of protection from cold
MPRegen 0.12/turn               n - ring of wizardry

@: no status effects
A: AC +6, unfitting armour, cold-blooded
a: no special abilities


You were on level 4 of the Dungeon.
You visited 1 branch of the dungeon, and saw 4 of its levels.

You collected 144 gold pieces.
You spent 26 gold pieces at shops.

Inventory:

Hand Weapons
 b - a +0 dagger of speed
 k - a +0 hunting sling
 q - a +2 whip of venom
 v - a +1 dagger of venom (weapon)
Missiles
 l - 7 poisoned darts
Magical Staves
 r - a staff of earth
 u - a staff of conjuration
Jewellery
 f - a +6 ring of dexterity
 i - a ring of protection from cold (left hand)
 n - a ring of wizardry (right hand)
 s - a +4 ring of evasion
 y - a ring of resist corrosion
Scrolls
 c - 2 scrolls of immolation {unknown}
 g - a scroll of amnesia {unknown}
 j - 3 scrolls of enchant armour
 m - 2 scrolls of teleportation {unknown}
 w - a scroll of fear {unknown}
Potions
 a - 3 potions of magic
 d - a potion of lignification {unknown}
 e - 2 potions of attraction
 h - a potion of haste {unknown}
 o - a potion of berserk rage {unknown}
 p - a potion of might {unknown}
 t - a potion of ambrosia {unknown}
 x - a potion of heal wounds {unknown}


   Skills:
 + Level 0.5 Fighting
 + Level 1.0 Short Blades
 + Level 0.1 Staves
 + Level 2.3 Dodging
 + Level 2.4 Stealth
 + Level 3.7 Spellcasting
 + Level 2.6 Conjurations
 + Level 4.2 Fire Magic


You had 5 spell levels left.
You knew the following spells:

 Your Spells              Type           Power      Damage    Failure   Level
a - Foxfire               Conj/Fire      60%        2x1d7     1%          1
b - Flame Wave            Conj/Fire      15%        2d6       16%         4
c - Scorch                Fire           36%        2d7       1%          2

Your spell library contained the following spells:

 Spells                   Type           Power      Damage    Failure   Level
 Conjure Flame            Conj/Fire      15%        6-21      4%          3
 Inner Flame              Hex/Fire       11%        N/A       8%          3
 Portal Projectile        Hex/Tloc       6%         N/A       17%         3
 Blade Hands              Tmut           1%         N/A       82%         5
 Excruciating Wounds      Necr           1%         N/A       82%         5


Dungeon Overview and Level Annotations

Branches:
Dungeon (4/15)
 Temple: D:4-7

Altars:

Shops:
D:1 :   D:4 ?:


Innate Abilities, Weirdness & Mutations

Your plain brown scales are hard. (AC +6)
You cannot fit into any form of body armour.
You are cold-blooded and may be slowed by cold attacks.


Message History

The gnoll is lightly wounded.
The gnoll's fire resistance burns away.
The gnoll hits you from afar with a +0 spear.
Casting: Scorch (safe; 1% risk of failure)
Confirm with . or Enter, or press ? or * to list all spells.
You miscast Scorch.
You are very lightly contaminated with residual magic.
Nothing appears to happen.
The gnoll hits you from afar with a +0 spear.
Casting: Scorch (safe; 1% risk of failure)
Confirm with . or Enter, or press ? or * to list all spells.
Flames lash the gnoll.
The gnoll is severely wounded.
The gnoll's fire resistance burns away.
The gnoll is no longer more vulnerable to fire.
The gnoll completely misses you. The gnoll closely misses you.
You hit the gnoll but do no damage.
The gnoll is heavily wounded.
The gnoll is no longer more vulnerable to fire.
The gnoll barely misses you. x2
The gnoll hits you from afar with a +0 halberd!
You hit the gnoll but do no damage.
The gnoll is poisoned.
Your tail-slap misses the gnoll.
The gnoll is heavily wounded.
The gnoll looks more healthy.
The gnoll closely misses you. The gnoll hits you with a +0 flail!
The gnoll completely misses you.
The gnoll hits you from afar with a +0 spear.
The gnoll hits you from afar with a +0 halberd!
* * * LOW HITPOINT WARNING * * *
The gnoll attacks as you move away! The gnoll barely misses you.
The gnoll is no longer more vulnerable to fire.
Your magical contamination has completely faded away.
You kill the gnoll!
Casting: Scorch (safe; 1% risk of failure)
Confirm with . or Enter, or press ? or * to list all spells.
Flames lash the gnoll.
The gnoll is almost dead.
The gnoll's fire resistance burns away.
The gnoll hits you from afar with a +0 halberd!
You die...

.......#.#####.....
..................>
.............#
#....###..##.# #..
#..##...g...# #
#.)##.#####.#
#gg.#.. ###..#####
#).@.....#
#.#..###.#
#.#..###.####
#.#..........
#.#...#####.#
.....# #.#...# #.#
>....#
#.#...#####.####
.....#
#.#.............
.....#
#.#.#.......###


You could see 2 gnolls.

Vanquished Creatures
  A hound (D:4)
  9 adders
  9 gnolls
  A worm (D:3)
  A dart slug (D:1)
  6 orcs
  7 ball pythons
  6 bats
  12 endoplasms
  A giant cockroach (D:2)
  4 goblins
  6 hobgoblins
  2 jackals (D:1)
  4 quokkas
  3 frilled lizards
  9 kobolds
  7 rats
88 creatures vanquished.

Vanquished Creatures (collateral kills)
  A foxfire (D:3)
1 creature vanquished.

Vanquished Creatures (others)
  169 foxfires
  7 plants (D:3)
176 creatures vanquished.

Grand Total: 265 creatures vanquished

Notes
Turn   | Place    | Note
-------+----------+-------------------------------------------
     0 | D:1      | anonymouscript the Draconian Fire Elementalist began the
                  | quest for the Orb.
     0 | D:1      | Reached XP level 1. HP: 14/14 MP: 3/3
   186 | D:2      | Reached XP level 2. HP: 18/20 MP: 0/5
   653 | D:1      | Found Utyumonisu's Book Boutique.
   660 | D:1      | Reached XP level 3. HP: 26/26 MP: 3/6
  1272 | D:2      | Reached XP level 4. HP: 26/33 MP: 4/8
  1280 | D:2      | Learned a level 4 spell: Flame Wave
  1811 | D:2      | Learned a level 2 spell: Scorch
  1948 | D:2      | Identified the +1 robe "Duxkoemm" {rElec rF- rC+++}
  2341 | D:3      | Reached skill level 4 in Fire Magic
  2464 | D:3      | Reached skill level 1 in Short Blades
  2469 | D:3      | Reached XP level 5. HP: 39/39 MP: 4/9
  2676 | D:3      | Found a faded altar of an unknown god.
  3559 | D:4      | Found Ybyceurr's Book Boutique.
  3690 | D:4      | Found Jetu's Magic Scroll Boutique.
  3703 | D:4      | Bought a scroll of identify for 26 gold pieces
  3706 | D:4      | Noticed a lemure
  3707 | D:4      | Noticed a lemure
  3711 | D:4      | Reached XP level 6. HP: 46/46 MP: 6/11
  3917 | D:4      | Slain by a gnoll

Illustrated notes

Levels and vault maps discovered:
D:1:      saegor_arrival_simple_a, layout_rooms, serial_shops, shop
D:2:      layout_basic
D:3:      layout_loops_ring, ebering_ecumenical_altar_sacrificial,
          serial_bayou_lake_a
D:4:      layout_basic, serial_shops, shop_statue, nicolae_shop_behind_doors,
          shop, nicolae_diamond_shop, uniq_blork_the_orc, uniq_natasha,
          uniq_pikel

Skill      XL: |  1  2  3  4  5 |
---------------+----------------+-----
Dodging        | 2 |  2.3
Stealth        | 2 |  2.4
Spellcasting   | 3 |  3.7
Fire Magic     | 4 |  4.2
Short Blades   | 1 |  1.0
Conjurations   | 2 |  2.6
Fighting       | |  0.5
Staves         | |  0.1

Action                   |  1- 3 |  4- 6 || total
-------------------------+-------+-------++-------
Melee: Dagger            |    49 |    49 ||    98
       Tailslap          |     5 |     6 ||    11
       Staff             |       |    18 ||    18
 Cast: Foxfire           |    50 |    56 ||   106
       Scorch            |       |    21 ||    21
  Use: Scroll            |       |     2 ||     2
 Stab: Sleeping          |     1 |       ||     1
Armor: Skin              |    28 |    22 ||    50
Dodge: Dodged            |    47 |    58 ||   105

Table legend: (Time is in decaauts)
 A = Elapsed time spent in this place.
 B = Non-inter-level travel time spent in this place.
 C = Inter-level travel time spent in this place.
 D = Time resting spent in this place.
 E = Time spent auto-exploring this place.
 F = Levels seen in this place.
 G = Mean time per level.
                   A        B        C        D        E       F      G
               +--------+--------+--------+--------+--------+-----+--------+
         Total |   3932 |   3820 |    112 |    682 |   2140 |   4 |  983.0 |
       Dungeon |   3932 |   3820 |    112 |    682 |   2140 |   4 |  983.0 |
               +--------+--------+--------+--------+--------+-----+--------+

Top non-repeatable levels by time:
     D:2: 1445 daAuts
     D:3: 1342 daAuts
     D:1: 823 daAuts
     D:4: 321 daAuts
